 Dungeon Crawl Stone Soup version 0.30-a0-758-gc2c871d025 (webtiles) character file.

Game seed: 9030892292068522303

3855 Conn the Arsonist (level 10, -14/60 HPs)
             Began as an Octopode Fire Elementalist on Feb 10, 2023.
             Was an Initiate of Sif Muna.
             Demolished by a shadow (32 damage)
             ... on level 7 of the Dungeon.
             The game lasted 00:15:02 (6706 turns).

Conn the Arsonist (Octopode Fire Elementalist)      Turns: 6706, Time: 00:15:03

Health: -14/60     AC:  1    Str: 14    XL:     10   Next: 18%
Magic:  4/22       EV: 13    Int: 28    God:    Sif Muna [......]
Gold:   314        SH:  0    Dex: 12    Spells: 8/25 levels left

rFire   . . .      SeeInvis .    f - +3 dagger (distort)
rCold   . . .      Faith    .    (no shield)
rNeg    . . .      Spirit   .    (helmet restricted)
rPois   .          Reflect  .    (no amulet)
rElec   .          Harm     .    n - +6 ring of strength
rCorr   .          Rampage  .    q - +6 ring of intelligence
Will    .....                    (no ring)
Stlth   ++++                     (no ring)
HPRegen 0.30/turn                (no ring)
MPRegen 0.18/turn                (no ring)
                                 (no ring)
                                 (no ring)

@: about to teleport
A: almost no armour, amphibious, 8 rings, camouflage 1, gelatinous body 1,
(nimble swimmer 1), tentacles
a: Renounce Religion


You were on level 7 of the Dungeon.
You worshipped Sif Muna.
Sif Muna was noncommittal.
You visited 2 branches of the dungeon, and saw 8 of its levels.

You collected 314 gold pieces.

Inventory:

Hand Weapons
 c - a +0 dagger
 f - a +3 dagger of distortion (weapon)
Missiles
 s - a throwing net
Jewellery
 n - a +6 ring of strength (left tentacle)
 q - a +6 ring of intelligence (right tentacle)
Wands
 l - a wand of flame (25)
 u - a wand of roots (10)
Scrolls
 d - a scroll of poison
 g - a scroll of fear
 j - 2 scrolls of teleportation
 p - 2 scrolls of magic mapping
 r - a scroll of acquirement {unknown}
 v - a scroll of identify
Potions
 a - a potion of magic
 b - a potion of degeneration {unknown}
 e - a potion of mutation {unknown}
 h - a potion of brilliance
 i - a potion of cancellation
 k - a potion of attraction {unknown}
 m - a potion of might {unknown}
 o - a potion of resistance {unknown}
 t - a potion of heal wounds {unknown}


   Skills:
 + Level 1.9 Fighting
 + Level 2.3 Short Blades
 + Level 2.9 Dodging
 + Level 5.8 Stealth
 * Level 8.1 Spellcasting
 + Level 5.3 Conjurations
 + Level 1.2 Hexes
 * Level 2.2 Necromancy
 + Level 8.6 Fire Magic


You had 8 spell levels left.
You knew the following spells:

 Your Spells              Type           Power      Damage    Failure   Level
a - Foxfire               Conj/Fire      100%       2x1d9     1%          1
b - Stone Arrow           Conj/Erth      52%        3d10      4%          3
c - Inner Flame           Hex/Fire       39%        N/A       1%          3
d - Flame Wave            Conj/Fire      50%        2d12      2%          4
e - Scorch                Fire           100%       2d10      1%          2
f - Dispel Undead         Necr           24%        3d12      19%         4

Your spell library contained the following spells:

 Spells                   Type           Power      Damage    Failure   Level
 Kiss of Death            Conj/Necr      100%       2d13      1%          1
 Apportation              Tloc           22%        N/A       4%          1
 Kindle Blastsparks       Fire/Tloc/Air  54%        2d14      4%          3
 Cigotuvi's Dreadful Rot  Necr/Pois/Air  30%        N/A       5%          2
 Confusing Touch          Hex            18%        N/A       9%          3
 Alistair's Intoxication  Tmut/Pois      7%         N/A       80%         5
 Lehudib's Crystal Spear  Conj/Erth      13%        10d4      100%        8
 Animate Armour           Summ/Erth      Unusable   N/A       N/A         4

Dungeon Overview and Level Annotations

Branches:
Dungeon (7/15)             Temple (1/1) D:6

Altars:
Ashenzari
Elyvilon
Fedhas
Okawaru
Qazlal
Sif Muna
Trog
Vehumet
Yredelemnul
The Shining One


Innate Abilities, Weirdness & Mutations

You cannot wear most types of armour.
You are amphibious.
You can wear up to eight rings at the same time.
Your skin changes colour to match your surroundings (Stealth+).
Your rubbery body absorbs attacks. (AC +1, EV +1)
((You are camouflaged when in or above water. (Stealth+)))
You have tentacles for arms and can constrict up to eight enemies at once.


Message History

The flame wave engulfs something.
The flame wave engulfs the komodo dragon!
You kill the komodo dragon!
Sif Muna accepts your kill.
You finish channelling waves of flame.
You hear a loud, deep croak!
You hear a shout!
The howler monkey hits you.
* * * LOW HITPOINT WARNING * * *
Your Spellcasting skill increases to level 8!
Your Necromancy skill increases to level 2!
The howler monkey attacks as you move away!
The howler monkey barely misses you.
A shadow imp comes into view.
Okay, then.
The howler monkey attacks as you move away!
The howler monkey closely misses you.
You see here a black bear corpse.
It was a potion of cancellation.
You feel magically purged.
The howler monkey hoots and howls with incredible vigour!
You hear a loud, deep croak!
Okay, then.
Okay, then.
Unknown command.
Okay, then.
Unknown command.
Aiming: Fastroot
Press: ? - help, Shift-Dir - straight line, f - howler monkey
Aim: a howler monkey (severely wounded, catching its breath)
The roots erupt in riotous growth!
Roots grab the howler monkey.
The grasping roots constrict the howler monkey.
You kill the howler monkey!
Sif Muna accepts your kill.
Okay, then.
Okay, then.
As you read the scroll of teleportation, it crumbles to dust.
You feel strangely unstable.
The shadow strikes at you from the darkness!
Ouch! That really hurt!
You die...

. #............# .. .#.##<......#
.# ... #.#####...##.# ... ..
#............#
##.#########5#########.#####..#
.......##.......## ##...## #..#
..#....#.. #5.###.....###..#
#...#..#.##?.{†#{##...#...##..#
.......#(#[)$).#@#...###.).#..#
..#..#...#$(#(.#....## ##.....#
.......#.#$ ![?#.#...###...#..#
#...#..#.##(:[##.##...#...##..##
..#....#(.#####..###)....###...#
.......##.......## ##...## #..)##
##.#########.#########.#####....#
.......#)....#...#............#..
######)#.#####.#.#.##########.#.#


You could see a shadow imp.

Vanquished Creatures
  Maggie (D:6)
  An unseen horror (D:7)
  A komodo dragon (D:7)
  2 trolls (D:7)
  Grinder (D:4)
  A shadow (D:5)
  A wraith (D:7)
  A steam dragon (D:7)
  Menkaure (D:4)
  An ice beast (D:6)
  3 black bears
  An ogre (D:5)
  A centaur (D:5)
  A phantom (D:7)
  2 bullfrogs
  A gnoll sergeant (D:7)
  3 scorpions
  4 wights (D:7)
  A howler monkey (D:7)
  A jelly (D:4)
  A hound (D:5)
  2 orc priests (D:5)
  A gnoll bouda (D:7)
  3 iguanas
  3 orc wizards
  A hound zombie (D:3)
  11 gnolls
  8 adders
  2 shadow imps (D:5)
  A white imp (D:5)
  3 ufetubi
  An adder zombie (D:3)
  3 worms
  2 dart slugs (D:5)
  22 orcs
  3 endoplasms
  3 giant cockroaches
  5 goblins
  9 hobgoblins
  4 kobolds
  6 quokkas
  5 ball pythons
  A ball python zombie (D:3)
  4 bats
  2 frilled lizards
  A giant cockroach zombie (D:3)
  2 rats (D:1)
138 creatures vanquished.

Vanquished Creatures (collateral kills)
  A foxfire (D:5)
1 creature vanquished.

Vanquished Creatures (others)
  2 demonic plants (D:5)
  323 foxfires
325 creatures vanquished.

Grand Total: 464 creatures vanquished

Notes
Turn   | Place    | Note
-------+----------+-------------------------------------------
     0 | D:1      | Conn the Octopode Fire Elementalist began the quest for the
                  | Orb.
     0 | D:1      | Reached XP level 1. HP: 11/11 MP: 3/3
   232 | D:1      | Reached XP level 2. HP: 17/17 MP: 0/5
   288 | D:1      | Found a faded altar of an unknown god.
   824 | D:2      | Reached XP level 3. HP: 21/21 MP: 1/6
   871 | D:2      | Reached XP level 4. HP: 27/27 MP: 1/7
  1544 | D:3      | Got the Lessons on Black Words
  1747 | D:3      | Reached skill level 1 in Short Blades
  1747 | D:3      | Reached XP level 5. HP: 25/31 MP: 9/9
  1862 | D:3      | Learned a level 2 spell: Scorch
  1866 | D:3      | Learned a level 3 spell: Inner Flame
  1871 | D:3      | Learned a level 4 spell: Flame Wave
  2138 | D:3      | Found a broken altar of Ashenzari.
  2173 | D:3      | Found a basalt altar of Yredelemnul.
  2379 | D:4      | Noticed Grinder
  2379 | D:4      | Noticed Menkaure
  2440 | D:4      | Reached XP level 6. HP: 37/37 MP: 5/11
  2505 | D:4      | Paralysed by Grinder for 5 turns
  2512 | D:4      | Killed Grinder
  2572 | D:4      | Killed Menkaure
  2573 | D:4      | Reached XP level 7. HP: 42/42 MP: 5/13
  3588 | D:5      | Entered Level 5 of the Dungeon
  3857 | D:5      | Noticed a shadow
  3863 | D:5      | Killed a shadow
  3864 | D:5      | Reached skill level 5 in Stealth
  3864 | D:5      | Reached skill level 5 in Fire Magic
  4084 | D:5      | HP: 2/42 [scorpion (2)]
  4088 | D:5      | Reached XP level 8. HP: 3/47 MP: 1/15
  4090 | D:5      | HP: 1/47 [orc wizard/puff of flame (10)]
  4480 | D:5      | Reached skill level 5 in Spellcasting
  4761 | D:5      | Reached skill level 1 in Fighting
  5346 | D:6      | Found a staircase to the Ecumenical Temple.
  5350 | Temple   | Entered the Ecumenical Temple
  5370 | Temple   | Became a worshipper of Sif Muna the Loreminder
  5442 | D:6      | Noticed Maggie
  5449 | D:6      | Killed Maggie
  5450 | D:6      | Reached XP level 9. HP: 43/53 MP: 10/18
  6203 | D:7      | Reached skill level 5 in Conjurations
  6257 | D:7      | Found a radiant altar of Vehumet.
  6395 | D:7      | Learned a level 3 spell: Stone Arrow
  6400 | D:7      | Learned a level 4 spell: Dispel Undead
  6497 | D:7      | Noticed a troll
  6525 | D:7      | Killed a troll
  6526 | D:7      | Reached skill level 1 in Necromancy
  6692 | D:7      | Noticed a troll
  6693 | D:7      | Noticed a komodo dragon
  6698 | D:7      | Killed an unseen horror
  6699 | D:7      | Reached skill level 1 in Hexes
  6701 | D:7      | Reached XP level 10. HP: 22/60 MP: 4/21
  6706 | D:7      | Demolished by a shadow

Illustrated notes

Levels and vault maps discovered:
D:1:      amcnicky_arrival_abandoned_market, layout_basic,
          hellmonk_ecumenical_altar_defaced_shrine
D:2:      layout_rooms
D:3:      layout_basic, nicolae_yredelemnul_corpse_copse,
          nicolae_ashenzari_skybound
D:4:      layout_layer_cave, uniq_grinder, uniq_menkaure
D:5:      layout_loops_ring, serial_demonic, serial_demonic_e, serial_demonic_d,
          serial_demonic_b, serial_demonic_c
D:6:      layout_loops_corners, temple_hall_moat, uniq_maggie
D:7:      minmay_the_grid_plus [minmay_the_grid_outer_diamond,
          minmay_the_grid_zigzag_pyramid, minmay_the_grid_paths,
          minmay_the_grid_pillar_ring, minmay_the_grid_prize_inner_circle],
          layout_basic, vehumet_crystals, mainiacjoe_overflow_paths,
          gammafunk_temple_overflow_statue, serial_shops, shop
Temple:   nicolae_temple_bog_church

Skill      XL: |  1  2  3  4  5  6  7  8  9 10 |
---------------+-------------------------------+-----
Spellcasting   | 3 4 6 7 8 |  8.1
Conjurations   | 2 3 4 5 |  5.3
Short Blades   | 1 2 |  2.3
Stealth        | 3 4 5 |  5.8
Fire Magic     | 4 5 6 8 |  8.6
Fighting       | 1 |  1.9
Necromancy     | 1 2 |  2.2
Hexes          | 1 |  1.2
Dodging        | |  2.9

Action                     |  1- 3 |  4- 6 |  7- 9 | 10-12 || total
---------------------------+-------+-------+-------+-------++-------
  Melee: Dagger            |    17 |    42 |    21 |       ||    80
         Constrict         |     5 |    12 |     7 |       ||    24
         Tentacles         |       |     4 |     2 |       ||     6
         Punch             |       |     1 |     2 |       ||     3
   Cast: Foxfire           |    42 |    42 |   107 |       ||   191
         Scorch            |       |     7 |    43 |       ||    50
         Flame Wave        |       |       |     5 |       ||     5
         Inner Flame       |       |       |     6 |       ||     6
         Stone Arrow       |       |       |     1 |       ||     1
  Evoke: Wand              |       |       |       |     1 ||     1
    Use: Potion            |       |       |     3 |     1 ||     4
         Scroll            |       |       |     7 |     1 ||     8
   Stab: Sleeping          |       |     7 |     3 |       ||    10
 Armour: Skin              |     1 |     2 |     2 |       ||     5
  Dodge: Dodged            |     7 |    14 |    20 |     2 ||    43

Table legend: (Time is in decaauts)
 A = Elapsed time spent in this place.
 B = Non-inter-level travel time spent in this place.
 C = Inter-level travel time spent in this place.
 D = Time resting spent in this place.
 E = Time spent auto-exploring this place.
 F = Levels seen in this place.
 G = Mean time per level.
                   A        B        C        D        E       F      G
               +--------+--------+--------+--------+--------+-----+--------+
         Total |   6704 |   6418 |    286 |    165 |   4854 |   8 |  838.0 |
       Dungeon |   6674 |   6397 |    277 |    165 |   4844 |   7 |  953.4 |
        Temple |     29 |     20 |      9 |      0 |     10 |   1 |   29.0 |
               +--------+--------+--------+--------+--------+-----+--------+

Top non-repeatable levels by time:
     D:5: 1247 daAuts
     D:4: 1186 daAuts
     D:6: 1139 daAuts
     D:3: 1118 daAuts
     D:2: 765 daAuts
     D:1: 702 daAuts
     D:7: 514 daAuts
  Temple: 29 daAuts
